 Dungeon Crawl Stone Soup version 0.29.1-2-gbd0b4ee654 (webtiles) character file.

Game seed: 7932347805496266921

258 Raikaria the Trooper (level 6, -1/49 HPs)
             Began as a Formicid Warper on Nov 7, 2022.
             Slain by a bullfrog (6 damage)
             ... in a sewer.
             The game lasted 00:07:13 (3071 turns).

Raikaria the Trooper (Formicid Warper)              Turns: 3071, Time: 00:07:14

Health: -1/49      AC:  3    Str: 16    XL:     6   Next: 40%
Magic:  9/9        EV:  8    Int: 14    God:
Gold:   67         SH:  4    Dex: 13    Spells: 6/9 levels left

rFire   . . .      SeeInvis +   h - +1 whip (venom)
rCold   . . .      Faith    .   e - +0 buckler
rNeg    . . .      Spirit   .   b - +0 leather armour
rPois   .          Reflect  .   (helmet unavailable)
rElec   .          Harm     .   (no cloak)
rCorr   .          Rampage  .   (no gloves)
Will    +....                   (no boots)
Stlth   +.........              (no amulet)
HPRegen 0.16/turn               o - ring of willpower
MPRegen 0.11/turn               (no ring)

@: constricted
A: permanent stasis, dig shafts and tunnels, antennae 3, four strong arms
a: Dig


You were in a sewer.
You visited 1 branch of the dungeon, and saw 3 of its levels.
You also visited: Sewer.

You collected 67 gold pieces.

Inventory:

Hand Weapons
 a - a +0 mace
 h - a +1 whip of venom (weapon)
Missiles
 c - 6 boomerangs of dispersal (quivered)
Armour
 b - a +0 leather armour (worn)
 e - a +0 buckler (worn)
Jewellery
 i - a ring of resist corrosion
 o - a ring of willpower (left hand)
Scrolls
 d - 2 scrolls of fear {unknown}
 g - 4 scrolls of identify {unknown}
 j - 3 scrolls of teleportation {unknown}
 k - a scroll of enchant weapon {unknown}
 m - a scroll of butterflies {unknown}
 n - a scroll of blinking {unknown}
 p - a scroll of enchant armour {unknown}
Potions
 f - a potion of haste {unknown}
 l - a potion of heal wounds


   Skills:
 + Level 4.4 Fighting
 + Level 4.0 Maces & Flails
 - Level 1.0 Throwing
 - Level 1.1 Armour
 - Level 1.7 Dodging
 - Level 3.0 Shields
 - Level 2.1 Spellcasting
 + Level 3.1 Translocations


You had 6 spell levels left.
You knew the following spells:

 Your Spells              Type           Power      Damage    Failure   Level
a - Lesser Beckoning      Tloc           10%        N/A       28%         3

Your spell library contained the following spells:

 Spells                   Type           Power      Damage    Failure   Level
 Gell's Gravitas          Tloc           10%        N/A       28%         3
 Teleport Other           Tloc           10%        N/A       28%         3
 Manifold Assault         Tloc           10%        N/A       95%         5
 Blink                    Tloc           Unusable   N/A       N/A         2

Dungeon Overview and Level Annotations

Branches:
Dungeon (3/15)              Sewer (1/1)

Altars:


Innate Abilities, Weirdness & Mutations

You cannot be hasted, slowed, berserked, paralysed or teleported.
You can dig through walls and to a lower floor.
You have a pair of large antennae on your head. (SInv)
Your four strong arms can wield two-handed weapons with a shield.


Message History

The frilled lizard bites you but does no damage.
The adder closely misses you.
Your unstable footing causes you to fumble your attack.
The adder bites you but does no damage. The frilled lizard barely misses you.
Your unstable footing causes you to fumble your attack.
You kill the adder!
The frilled lizard bites you.
You hit the frilled lizard.
You kill the frilled lizard!
You see here an adder corpse.
You start resting.
HP restored.
You enter the shallow water.
Moving in this stuff is going to be slow.
A frilled lizard and 2 ball pythons come into view.
The ball python hisses angrily.
The frilled lizard hisses angrily.
The ball python hisses angrily.
You hear a croak.
An adder comes into view.
A bullfrog comes into view. x2
The bullfrog gives a loud, deep croak!
The bullfrog hits you! The ball python closely misses you.
The ball python grabs you. The ball python constricts you.
The ball python bites you but does no damage.
The bullfrog hits you.
You escape the ball python's grasp.
The bullfrog attacks as you move away! The bullfrog hits you!
The ball python attacks as you move away!
The ball python bites you but does no damage.
The bullfrog hits you! The ball python bites you.
The ball python closely misses you.
You barely miss the bullfrog. The bullfrog hits you.
* * * LOW HITPOINT WARNING * * *
You block the bullfrog's attack.
The ball python bites you but does no damage.
The ball python misses you.
The ball python bites you but does no damage.
The ball python grabs you. The ball python constricts you.
The bullfrog hits you!
* * * LOW HITPOINT WARNING * * *
The bullfrog hits you.
You die...

#....'..# #....#..#
##...####
#....####################+
#.....#~≈≈≈≈≈≈≈≈≈≈≈≈~~....
##..†.~~~~~~≈≈≈≈≈~~~~~..S.
#....~~~~~~~~≈≈~~~~~≈~...
#.....~~~~~~#FS≈~~~~~~...
##...~~≈~~~#~@F~l~~≈~~...
###.#~~≈≈≈~~~S~~≈≈~~#...
################### #


You could see 2 bullfrogs, 2 ball pythons and a frilled lizard.

Vanquished Creatures
  An ogre (D:3)
  3 river rats (Sewer)
  6 adders (Sewer)
  3 dart slugs
  3 endoplasms
  7 giant cockroaches
  6 goblins
  6 hobgoblins
  3 jackals (D:3)
  4 quokkas
  10 ball pythons
  8 bats
  A frilled lizard (Sewer)
  2 kobolds (D:2)
  26 rats
89 creatures vanquished.

Notes
Turn   | Place    | Note
-------+----------+-------------------------------------------
     0 | D:1      | Raikaria the Formicid Warper began the quest for the Orb.
     0 | D:1      | Reached XP level 1. HP: 16/16 MP: 3/3
   304 | D:1      | Reached XP level 2. HP: 19/23 MP: 5/5
   903 | D:1      | Reached XP level 3. HP: 27/29 MP: 6/6
  1329 | D:2      | Reached skill level 1 in Shields
  1455 | D:2      | Learned a level 3 spell: Lesser Beckoning
  1630 | D:3      | Found a faded altar of an unknown god.
  1672 | D:3      | Reached XP level 4. HP: 27/35 MP: 7/7
  1769 | D:3      | Noticed an ogre
  1787 | D:3      | Killed an ogre
  1788 | D:3      | Reached XP level 5. HP: 27/42 MP: 8/8
  1910 | D:3      | Found a glowing drain.
  1927 | Sewer    | Entered a sewer
  2218 | Sewer    | Reached XP level 6. HP: 10/48 MP: 9/9
  3071 | Sewer    | Slain by a bullfrog

Illustrated notes

Levels and vault maps discovered:
D:1:      kennysheep_arrival_forest, layout_loops_cross, serial_glass,
          glass_columns_b, glass_columns_a
D:2:      minmay_evil_eye, layout_basic, basic_altar, serial_bayou_pond_b
D:3:      layout_basic, gup_sewer_entry_pipe, basic_ecumenical_altar,
          minmay_misc_feat_square
Sewer:    sewer_minmay_w

Skill      XL: |  1  2  3  4  5  6 |
---------------+-------------------+-----
Fighting       | 3 4 |  4.4
Shields        | 1 2 3 |  3.0
Maces & Flails | 3 4 |  4.0
Translocations | 3 |  3.1
Throwing       | |  1.0
Armour         | |  1.1
Dodging        | |  1.7
Spellcasting   | |  2.1

Action                   |  1- 3 |  4- 6 || total
-------------------------+-------+-------++-------
Melee: Mace              |    60 |       ||    60
       Punch             |     1 |       ||     1
       Whip              |    48 |   173 ||   221
Throw: Boomerang         |       |     1 ||     1
  Use: Potion            |       |     2 ||     2
Armor: Leather armour    |    50 |    62 ||   112
Dodge: Dodged            |    94 |   121 ||   215
Block: Buckler           |    13 |    41 ||    54
